 Dungeon Crawl Stone Soup version 0.30.1-4-g462c640d31 (webtiles) character file.

Game seed: 13779348810842534074

43631 Babbit the Severer (level 13, -22/122 HPs)
             Began as a Minotaur Fighter on Aug 11, 2023.
             Was the Champion of Okawaru.
             Annihilated by gdog's ghost (23 damage)
             ... on level 4 of the Lair of Beasts.
             The game lasted 01:32:51 (16791 turns).

Babbit the Severer (Minotaur Fighter)              Turns: 16791, Time: 01:32:52

Health: -22/122    AC: 21    Str: 30    XL:     13   Next: 91%
Magic:  12/12      EV: 14    Int:  5    God:    Okawaru [******]
Gold:   1273       SH:  0    Dex: 11    Spells: 10/12 levels left

rFire   + . .        T - +1 hand axe of the Incandescent {drain, rF+ Str+5}
rCold   . . .        (no shield)
rNeg    . . .        V - quicksilver dragon scales
rPois   .            (helmet restricted)
rElec   .            E - scarf {repulsion}
rCorr   .            a - +2 pair of gloves
SInv    +            f - +2 pair of boots
Will    ++...        N - amulet of the acrobat Stlth
                     l - ring of see invisible
HPRegen 0.40/turn    P - ring of willpower
MPRegen 0.13/turn

%: repel missiles, acrobat
@: confused, about to teleport
A: horns 2, retaliatory headbutt
a: Renounce Religion, Heroism, Finesse, Duel


You were on level 4 of the Lair of Beasts.
You worshipped Okawaru.
Okawaru was exalted by your worship.
You visited 3 branches of the dungeon, and saw 17 of its levels.
You also visited: Sewer and Bailey.

You collected 1273 gold pieces.

Inventory:

Hand Weapons
 c - a +4 hand axe of flaming
 H - a +5 battleaxe of venom
 O - the +9 executioner's axe "Duadiomp" {distort, Fly rPois Will+}
   (Okawaru gifted it to you on level 10 of the Dungeon)

   rPois:     It protects you from poison.
   Fly:       It grants you flight.
   Will:      It increases your willpower.
 T - the +1 hand axe of the Incandescent (weapon) {drain, rF+ Str+5}
   (Okawaru gifted it to you on level 2 of the Lair of Beasts)

   Str:       It affects your strength (+5).
   rF:        It protects you from fire.
 U - the +4 sling of Ferofet {freeze, rF- Str+3 Int+3}
   (You found it on level 3 of the Lair of Beasts)

   Str:       It affects your strength (+3).
   Int:       It affects your intelligence (+3).
   rF:        It makes you vulnerable to fire.
Missiles
 G - 2 boomerangs (quivered)
 W - 2 datura-tipped darts
Armour
 a - a +2 pair of gloves (worn)
 f - a +2 pair of boots (worn)
 s - the +1 ring mail of Integrity {rPois rC+ Will-}
   (You found it on level 8 of the Dungeon)

   rC:        It protects you from cold.
   rPois:     It protects you from poison.
   Will:      It decreases your willpower.
 w - a scarf of invisibility
 E - a scarf of repulsion (worn)
 Q - an orb of guile
 V - quicksilver dragon scales (worn)
Jewellery
 j - a ring of poison resistance
 l - a ring of see invisible (left hand)
 y - a ring of wizardry
 A - a ring of flight
 N - an amulet of the acrobat (around neck)
 P - a ring of willpower (right hand)
 S - a ring of positive energy
Wands
 D - a wand of flame (17)
 F - a wand of quicksilver (17)
 M - a wand of polymorph (18)
Scrolls
 h - 3 scrolls of identify
 i - 2 scrolls of summoning
 k - a scroll of silence {unknown}
 o - 2 scrolls of magic mapping
 q - a scroll of torment {unknown}
 r - 4 scrolls of fog
 u - 8 scrolls of teleportation
 v - a scroll of fear {unknown}
 C - 2 scrolls of noise {unknown}
 I - a scroll of blinking
 J - a scroll of enchant armour
 K - 3 scrolls of amnesia {unknown}
 L - 2 scrolls of poison {unknown}
 R - a scroll of vulnerability {unknown}
Potions
 b - a potion of lignification
 d - 3 potions of might
 e - 3 potions of flight
 p - 10 potions of curing
 t - 3 potions of invisibility
 x - 4 potions of haste
 z - 3 potions of resistance
 B - 4 potions of brilliance


   Skills:
 + Level 13.2 Fighting
 + Level 18.8 Axes
 + Level 5.3 Throwing
 + Level 12.4 Armour
 + Level 8.5 Dodging
 + Level 4.3 Stealth
 + Level 6.5 Shields
 + Level 0.1 Invocations
 + Level 0.1 Evocations


You had 10 spell levels left.
You knew the following spells:

 Your Spells              Type           Power      Damage    Failure   Level
a - Lesser Beckoning      Tloc           0%         N/A       71%         2

Your spell library contained the following spells:

 Spells                   Type           Power      Damage    Failure   Level
 Beastly Appendage        Tmut           0%         N/A       56%         1
 Sublimation of Blood     Necr           0%         N/A       71%         2
 Wereblood                Tmut           0%         N/A       71%         2
 Gell's Gravitas          Tloc           0%         N/A       91%         3
 Hailstorm                Conj/Ice       0%         3d3       91%         3
 Inner Flame              Hex/Fire       0%         N/A       91%         3
 Spider Form              Tmut/Pois      0%         N/A       91%         3
 Teleport Other           Tloc           0%         N/A       91%         3
 Vhi's Electric Charge    Tloc/Air       0%         N/A       91%         3
 Ice Form                 Ice/Tmut       0%         N/A       100%        4
 Alistair's Intoxication  Tmut/Pois      0%         N/A       100%        5
 Arcjolt                  Conj/Air       0%         1d10      100%        5
 Borgnjor's Vile Clutch   Necr/Erth      0%         N/A       100%        5
 Yara's Violent Unravell  Hex/Tmut       0%         3d3       100%        5
 Eringya's Noxious Bog    Tmut/Pois      0%         N/A       100%        6
 Enfeeble                 Hex            0%         N/A       100%        7
 Maxwell's Capacitive Co  Air            0%         ∞         100%        8
 Simulacrum               Ice/Necr       Unusable   N/A       N/A         6
 Summon Hydra             Summ           Unusable   N/A       N/A         7

Dungeon Overview and Level Annotations

Branches:
Dungeon (11/15)            Temple (1/1) D:4            Lair (5/5) D:10
  Swamp (0/4) Lair:2        Snake (0/4) Lair:2          Orc (0/2) D:11
  Sewer (visited)          Bailey (visited)
  Slime: Lair:4-5

Altars:
Cheibriados
Elyvilon
Fedhas
Gozag
Okawaru
Trog
Uskayaw
Vehumet
Wu Jian
Xom
The Shining One

Shops:
D:5 *   D:10 (   D:11 :

Annotations:
D:10 3 runed translucent doors
Lair:4 gdog's ghost, adept GnDe


Innate Abilities, Weirdness & Mutations

You have a pair of horns on your head.
You reflexively headbutt those who attack you in melee.


Message History

The rime drake bites gdog's ghost but does no damage.
You hit gdog's ghost.
Gdog's ghost is lightly damaged.
You hit the minotaur but do no damage. You hit gdog's ghost but do no damage.
Gdog's ghost is lightly damaged.
You hit the minotaur but do no damage.
The rime drake is engulfed in noxious fumes.
The rime drake appears confused.
The rime drake bites gdog's ghost but does no damage.
Gdog's ghost gestures at you while chanting.
The ball explodes into a vile cloud!
The stinking cloud engulfs you but does no damage.
The stinking cloud engulfs gdog's ghost but does no damage.
The stinking cloud engulfs the minotaur but does no damage.
The minotaur is engulfed in noxious fumes.
The minotaur hits you!! The minotaur gores you.
Okay, then.
As you read the scroll of teleportation, it crumbles to dust.
You feel strangely unstable.
You are engulfed in noxious fumes.
You choke on the stench!
You are confused.
The rime drake is engulfed in noxious fumes.
The rime drake appears confused.
The rime drake bites gdog's ghost but does no damage.
Gdog's ghost hits you!!!
* * * LOW HITPOINT WARNING * * *
The minotaur is engulfed in noxious fumes.
The minotaur barely misses you.
The minotaur gores you but does no damage.
You feel much better.
You are engulfed in noxious fumes.
The rime drake is engulfed in noxious fumes.
The rime drake appears confused.
Gdog's ghost hits you!!!
* * * LOW HITPOINT WARNING * * *
The minotaur is engulfed in noxious fumes.
The minotaur misses you. The minotaur gores you!
* * * LOW HITPOINT WARNING * * *
You miss gdog's ghost. You closely miss the minotaur.
You are engulfed in noxious fumes.
Gdog's ghost hits you!!
You die...

##.#########.....##
#..#HW#k#..#......#
##..##k["!.##.....##
####.#.#.#...#.#.....##
##.##...#..##.#.#......#
#.......###.k.#.#.....## ##
##...PP..#.#..##.#......#
#.##........#..WH...#....P#..
##...........###@☼'###........
#.#.......#....☼☼°.........P##
##...........##...P.#.....###
#.........##.###...#......#
#.........##.###..#...##.##
#..........#..##..##..# ##
..........#...#P..#...##
###....................#
##.......#...........#


You could see a minotaur (drained), a rime drake (confused, drained) and gdog's
ghost.

Vanquished Creatures
  Fannar (D:11)
  4 hydras
  2 catoblepae
  Erica (D:11)
  A boulder beetle (Lair:3)
  2 two-headed ogres
  5 death yaks
  A lindwurm (Lair:3)
  Pikel (D:4)
  A manticore (D:11)
  10 elephants
  3 black mambas (Lair:2)
  8 cane toads
  A rime drake (Lair:4)
  7 komodo dragons
  5 trolls
  5 polar bears
  3 hornets
  8 blink frogs
  6 spriggans (Bailey)
  Sigmund (D:6)
  2 shadows
  A wraith (D:9)
  48 yaks
  Eustachio (D:5)
  2 fire bats (Lair:3)
  3 wyverns
  2 basilisks
  A fire elemental (Lair:3)
  3 steam dragons
  3 nagas (Lair:2)
  2 swamp worms (Lair:2)
  An acid dragon (D:9)
  14 water moccasins
  2 black bears
  5 orc warriors
  An ice beast (D:7)
  8 ogres
  11 wolves
  7 centaurs
  4 lemures (D:4)
  4 phantoms
  Blork the orc (D:5)
  A kobold brigand (Sewer)
  18 bullfrogs
  2 gnoll sergeants
  5 scorpions
  20 wights
  6 killer bees (D:9)
  2 howler monkeys
  4 lava snakes (Lair:3)
  5 hounds
  Crazy Yiuf (D:3)
  5 jellies
  9 orc priests
  A sleepcap (D:5)
  Ijyb (D:5)
  2 iguanas
  13 orc wizards
  7 hell rats (Lair:2)
  Robin (D:4)
  11 gnolls
  10 adders
  5 river rats
  A white imp (D:7)
  4 ufetubi
  3 dart slugs
  42 orcs
  4 ball pythons
  11 endoplasms
  5 giant cockroaches
  18 goblins
  8 hobgoblins
  9 jackals
  4 quokkas
  4 bats
  4 frilled lizards (Sewer)
  10 kobolds
  7 rats
465 creatures vanquished.

Notes
Turn   | Place    | Note
-------+----------+-------------------------------------------
     0 | D:1      | Babbit the Minotaur Fighter began the quest for the Orb.
     0 | D:1      | Reached XP level 1. HP: 19/19 MP: 0/0
   194 | D:1      | Reached XP level 2. HP: 25/27 MP: 1/1
   927 | D:1      | Reached XP level 3. HP: 26/33 MP: 2/2
   937 | D:1      | Reached skill level 3 in Axes
  1395 | D:3      | Identified the +4 long sword "Yply" {heavy, Fly rF+ Int+8
                  | Dex-3}
  1495 | D:3      | Reached XP level 4. HP: 40/40 MP: 3/3
  1516 | D:3      | Reached skill level 4 in Axes
  1520 | D:3      | Found a glowing drain.
  1524 | Sewer    | Entered a sewer
  1591 | Sewer    | Reached skill level 1 in Dodging
  1630 | Sewer    | Reached XP level 5. HP: 47/47 MP: 4/4
  1939 | Sewer    | Reached skill level 5 in Armour
  2522 | D:3      | Reached skill level 5 in Axes
  2522 | D:3      | Reached XP level 6. HP: 53/53 MP: 5/5
  2598 | D:3      | Found a faded altar of an unknown god.
  2603 | D:3      | Found a glowing golden altar of the Shining One.
  2806 | D:3      | Found a runed translucent door.
  2807 | D:3      | Noticed Crazy Yiuf
  2813 | D:3      | Killed Crazy Yiuf
  2857 | D:3      | Found an opulent altar of Gozag.
  3135 | D:4      | Found a staircase to the Ecumenical Temple.
  3149 | D:4      | Noticed Pikel
  3158 | D:4      | Killed Pikel
  3159 | D:4      | Reached skill level 5 in Fighting
  3159 | D:4      | Reached skill level 7 in Axes
  3159 | D:4      | Reached skill level 5 in Shields
  3159 | D:4      | Reached XP level 7. HP: 54/61 MP: 6/6
  3179 | Temple   | Entered the Ecumenical Temple
  3226 | Temple   | Became a worshipper of Warmaster Okawaru
  3403 | D:4      | Reached XP level 8. HP: 67/69 MP: 7/7
  3493 | D:4      | Noticed Robin
  3505 | D:4      | Killed Robin
  3548 | D:4      | Reached skill level 8 in Axes
  3551 | D:4      | Found a white marble altar of Elyvilon.
  3950 | D:5      | Entered Level 5 of the Dungeon
  3970 | D:5      | Noticed Ijyb
  3980 | D:5      | Killed Ijyb
  4123 | D:5      | Noticed Eustachio
  4129 | D:5      | Noticed Blork the orc
  4137 | D:5      | Killed Eustachio
  4137 | D:5      | Reached * piety under Okawaru
  4146 | D:5      | Killed Blork the orc
  4147 | D:5      | Reached skill level 9 in Axes
  4547 | D:5      | Found Garedoa's Serpentskin Sales.
  4550 | D:5      | Reached skill level 1 in Stealth
  4555 | D:5      | Reached XP level 9. HP: 56/75 MP: 8/8
  4690 | D:5      | Reached ** piety under Okawaru
  5007 | D:5      | Found an ornate altar of the Wu Jian Council.
  5007 | D:5      | Found a radiant altar of Vehumet.
  5079 | D:6      | Reached skill level 10 in Axes
  5108 | D:6      | Found a shimmering altar of Xom.
  5191 | D:6      | Noticed Sigmund
  5197 | D:6      | Killed Sigmund
  5561 | D:7      | Reached *** piety under Okawaru
  5650 | D:7      | Found a flagged portal.
  5666 | Bailey   | Entered a bailey
  5692 | Bailey   | Reached skill level 11 in Axes
  5937 | Bailey   | Reached XP level 10. HP: 38/86 MP: 9/9
  6016 | Bailey   | Reached **** piety under Okawaru
  6415 | Bailey   | Noticed a two-headed ogre
  6447 | Bailey   | Killed a two-headed ogre
  6448 | Bailey   | Reached skill level 12 in Axes
  6448 | Bailey   | Reached skill level 5 in Dodging
  7364 | D:8      | Reached skill level 10 in Armour
  7429 | D:8      | Reached ***** piety under Okawaru
  7538 | D:8      | Received a gift from Okawaru
  7539 | D:8      | Reached skill level 13 in Axes
  7635 | D:8      | Identified the +1 ring mail of Integrity {rPois rC+ Will-}
  8192 | D:9      | Reached XP level 11. HP: 79/95 MP: 10/10
  8197 | D:9      | Reached skill level 14 in Axes
  9325 | D:10     | Entered Level 10 of the Dungeon
  9325 | D:10     | Found a blossoming altar of Fedhas.
  9346 | D:10     | Noticed a fire dragon
  9346 | D:10     | a fire dragon changed into a broodmother
  9346 | D:10     | Noticed a broodmother (glowing shapeshifter)
  9348 | D:10     | Found a runed translucent gate.
  9348 | D:10     | Noticed a great orb of eyes
  9349 | D:10     | Found a runed translucent gate.
  9349 | D:10     | Found a runed translucent gate.
  9352 | D:10     | a great orb of eyes changed into a spark wasp
  9352 | D:10     | Noticed a spark wasp (glowing shapeshifter)
  9353 | D:10     | a spark wasp changed into a slime creature
  9418 | D:10     | Reached skill level 15 in Axes
  9703 | D:10     | Found Zatavvocs's Firing Range.
  9859 | D:10     | Identified the +9 executioner's axe "Duadiomp" {distort,
                  | Fly rPois Will+} (Okawaru gifted it to you on level 10 of
                  | the Dungeon)
  9859 | D:10     | Received a gift from Okawaru
  9869 | D:10     | Reached skill level 1 in Throwing
 10002 | D:10     | Found a hide-covered altar of Uskayaw.
 10076 | D:10     | Found a staircase to the Lair.
 10542 | D:10     | Noticed a green ugly thing
 10542 | D:10     | Noticed a cyan ugly thing
 10543 | D:10     | Noticed a white ugly thing
 10543 | D:10     | Noticed a glowing orange brain
 10546 | D:10     | Noticed a purple ugly thing
 10623 | D:11     | Noticed a six-headed hydra
 10632 | D:11     | Killed a three-headed hydra
 10790 | D:11     | Reached skill level 16 in Axes
 10848 | D:11     | Found a staircase to the Orcish Mines.
 10857 | D:11     | Noticed a two-headed ogre
 10859 | D:11     | Noticed Erica
 10870 | D:11     | Killed a two-headed ogre
 10871 | D:11     | Reached skill level 10 in Fighting
 10874 | D:11     | Killed Erica
 10875 | D:11     | Reached XP level 12. HP: 72/106 MP: 11/11
 11061 | D:11     | Found Lulehuakk's Self-Improvement Boutique.
 11119 | D:11     | Noticed Fannar
 11132 | D:11     | Killed Fannar
 11230 | D:11     | Reached ****** piety under Okawaru
 11490 | D:11     | Reached skill level 17 in Axes
 11835 | Lair:1   | Entered Level 1 of the Lair of Beasts
 11973 | Lair:1   | Noticed a seven-headed hydra
 11991 | Lair:1   | Killed a three-headed hydra
 12407 | Lair:1   | Received a gift from Okawaru
 13335 | Lair:2   | Found a staircase to the Swamp.
 13399 | Lair:2   | Found a staircase to the Snake Pit.
 13794 | Lair:2   | Noticed a catoblepas
 13823 | Lair:2   | Killed a catoblepas
 13823 | Lair:2   | Identified the +1 hand axe of the Incandescent {drain, rF+
                  | Str+5} (Okawaru gifted it to you on level 2 of the Lair of
                  | Beasts)
 13823 | Lair:2   | Received a gift from Okawaru
 13988 | Lair:2   | Reached skill level 18 in Axes
 14574 | Lair:3   | Reached XP level 13. HP: 103/117 MP: 12/12
 14825 | Lair:3   | Identified the +4 sling of Ferofet {freeze, rF- Str+3
                  | Int+3}
 15137 | Lair:3   | Received a gift from Okawaru
 15632 | Lair:3   | Learned a level 2 spell: Lesser Beckoning
 16093 | Lair:4   | Reached skill level 5 in Throwing
 16402 | Lair:4   | You fall into a shaft and drop 1 floor!
 16402 | Lair:5   | Entered Level 5 of the Lair of Beasts
 16417 | Lair:5   | Received a gift from Okawaru
 16745 | Lair:4   | Noticed a minotaur
 16746 | Lair:4   | Noticed gdog's ghost (adept GnDe)
 16767 | Lair:4   | Found a runed translucent gate.
 16767 | Lair:4   | Found a runed translucent gate.
 16767 | Lair:4   | Found a runed translucent gate.
 16790 | Lair:4   | HP: 1/122 [minotaur (9)]
 16791 | Lair:4   | Annihilated by gdog's ghost

Illustrated notes

Levels and vault maps discovered:
D:1:      amcnicky_arrival_feature_with_door, layout_basic, nrook_uturn,
          minmay_misc_feat_room, minmay_quantized
D:2:      layout_rooms
D:3:      layout_loops_ring, amcnicky_altar_gilded,
          nicolae_overflow_ecumenical_swirl, gup_sewer_entry_spiral,
          uniq_crazy_yiuf_cottage
D:4:      wander_river, layout_basic, elyvilon_altar_1,
          minmay_temple_entry_large_hall, uniq_pikel, uniq_robin
D:5:      layout_loops_ring, gammafunk_temple_overflow_statue,
          guppyfry_shop_venom, uniq_blork_the_orc, uniq_ijyb, uniq_eustachio
D:6:      layout_cave_pools, brannock_xom_greatest_gift, uniq_sigmund
D:7:      layout_basic, enter_bailey_5
D:8:      layout_cave_pools, kennysheep_dice
D:9:      layout_irregular_city, st_stairs_3
D:10:     layout_gridville, nicolae_overflow_crystal_walls,
          mainiacjoe_overflow_boulevard, grunt_lair_entry_orc_guard_hut,
          ploomutoo_gammafunk_ghost_potion_laboratory, nicolae_shop_firing_range
D:11:     layout_small_grid, david_orc_2, nicolae_shop_self_help, uniq_fannar,
          uniq_erica
Temple:   minmay_temple_curvy_branch
Lair:1:   layout_roguey, serial_bayou_pond_b, minmay_hedge_maze,
          hibernation_bobbens
Lair:2:   layout_regular_city, minmay_swamp_entry_worms,
          nicolae_snake_entry_squirm, infiniplex_staircase_pool_2
Lair:3:   layout_chaotic_city, minmay_shattered_shrine
Lair:4:   layout_gridlike, nicolae_slime_entry_field_trip,
          maelrawn_ghost_gauntlet_escape, beast_lair_carwin_3,
          infiniplex_staircase_pool
Lair:5:   hangedman_lair_tendril_chambers, layout_hall_layers,
          lemuel_fruit_fields

Skill      XL: |  1  2  3  4  5  6  7  8  9 10 11 12 13 |
---------------+----------------------------------------+-----
Armour         | 4 5 6 7 9 10 11 12 | 12.4
Fighting       | 4 5 6 7 8 10 11 13 | 13.2
Shields        | 4 5 6 |  6.5
Axes           | 3 4 5 7 9 11 13 16 18 | 18.8
Dodging        | 1 2 3 4 5 6 8 |  8.5
Stealth        | 1 2 4 |  4.3
Throwing       | 1 3 5 |  5.3
Invocations    | |  0.1
Evocations     | |  0.1

Action                     |  1- 3 |  4- 6 |  7- 9 | 10-12 | 13-15 || total
---------------------------+-------+-------+-------+-------+-------++-------
  Melee: War axe           |    75 |   132 |   178 |    58 |       ||   443
         Headbutt          |     8 |    14 |    29 |   101 |    96 ||   248
         Battleaxe         |       |       |       |   393 |       ||   393
         Hand axe          |       |       |       |    47 |   340 ||   387
         Punch             |       |       |       |       |     3 ||     3
  Throw: Boomerang         |       |       |       |    81 |    26 ||   107
 Invoke: Heroism           |       |       |       |     2 |       ||     2
  Evoke: Wand              |       |       |       |     1 |       ||     1
    Use: Scroll            |     1 |     3 |     6 |    11 |     5 ||    26
         Potion            |       |     1 |       |     5 |     2 ||     8
   Stab: Distracted        |       |       |       |     2 |     1 ||     3
         Petrified         |       |       |       |       |     2 ||     2
         Sleeping          |       |       |       |       |     1 ||     1
 Armour: Scale mail        |    36 |    66 |    89 |   103 |       ||   294
         Ring mail         |       |       |       |    86 |    31 ||   117
         Quicksilver drago |       |       |       |       |    84 ||    84
  Dodge: Dodged            |    32 |    59 |   135 |   293 |   176 ||   695
         Repelled          |       |       |     1 |     5 |     3 ||     9
  Block: Buckler           |    14 |    27 |    52 |    15 |       ||   108
